BR (22 & UNDER)
AMITY GARDENS WESTERNERS @ WASHINGTON DC HOT SAUCE
09/20/2030
 
TOP OF THE 1ST
Amity Gardens Westerners batting - Pitching for Washington DC Hot Sauce : RHP Michael Hastings
Pitching: RHP Michael Hastings
Batting: RHB Júlio Castillo 0-0: Ball
1-0: Swinging Strike
1-1: Called Strike
1-2: Ball
2-2: Strikes out swinging
Batting: RHB Manny Olhoa 0-0: Swinging Strike
0-1: Ball
1-1: Ball
2-1: Ball
3-1: Base on Balls
Batting: RHB Millard Cummings 0-0: Ball
1-0: Swinging Strike
1-1: Fly out, F3 (Popup, 13S)
Batting: LHB Jack Mitchell 0-0: Ball
1-0: Ball
2-0: Foul Ball, location: 2F
2-1: Foul Ball, location: 2F
2-2: Strikes out swinging
Top of the 1st over - 0 runs, 0 hits, 0 errors, 1 left on base; Amity Gardens 0 - Washington DC 0
BOTTOM OF THE 1ST
Washington DC Hot Sauce batting - Pitching for Amity Gardens Westerners : RHP Ignacio León
Pitching: RHP Ignacio León
Batting: RHB Vicente Robles 0-0: Hit by Pitch
Batting: RHB Bill Tremblay 0-0: Grounds into double play, 6-4-3 (Groundball, 6)
Batting: LHB Eric Chávez 0-0: Called Strike
0-1: Ball
1-1: Ball
2-1: Ball
3-1: Base on Balls
Batting: LHB Lazzaro Licci 0-0: Called Strike
0-1: Ball
1-1: Called Strike
1-2: SINGLE (Groundball, 4MD)
Eric Chávez to second
Runner from 2nd tries for 3rd, SAFE, no throw
Batting: RHB Martín Rodríguez 0-0: Called Strike
0-1: Ground out U3 (Groundball, 34)
Bottom of the 1st over - 0 runs, 1 hit, 0 errors, 2 left on base; Amity Gardens 0 - Washington DC 0
TOP OF THE 2ND
Amity Gardens Westerners batting - Pitching for Washington DC Hot Sauce : RHP Michael Hastings
Batting: LHB Alberto Paz 0-0: Ball
1-0: Called Strike
1-1: Swinging Strike
1-2: Foul Ball, location: 2F
1-2: Foul Ball, location: 2F
1-2: Fly out, F9 (Flyball, 9D)
Batting: SHB Howard Romero 0-0: Swinging Strike
0-1: Ball
1-1: Ground out 3-1 (Groundball, 34)
Batting: RHB Alfredo Medina 0-0: Ball
1-0: Ball
2-0: Ball
3-0: Called Strike
3-1: Base on Balls
Batting: LHB Matt Turner 0-0: Foul Ball, location: 2F
0-1: Fielders Choice at 2nd, 6-4 (Groundball, 6)
Top of the 2nd over - 0 runs, 0 hits, 0 errors, 1 left on base; Amity Gardens 0 - Washington DC 0
BOTTOM OF THE 2ND
Washington DC Hot Sauce batting - Pitching for Amity Gardens Westerners : RHP Ignacio León
Batting: RHB Reggie Gordon 0-0: Foul Ball, location: 2F
0-1: Foul Ball, location: 2F
0-2: Ball
1-2: Ball
2-2: Ball
3-2: Strikes out swinging
Batting: RHB Alonso Rangel 0-0: Ball
1-0: Called Strike
1-1: Ball
2-1: Foul Ball, location: 2F
2-2: Strikes out swinging
Batting: RHB Michael Carr 0-0: SINGLE (Line Drive, 78M)
Batting: RHB Chris Harper 0-0: Ball
1-0: Ball
2-0: Fly out, F6 (Popup, P)
Bottom of the 2nd over - 0 runs, 1 hit, 0 errors, 1 left on base; Amity Gardens 0 - Washington DC 0
TOP OF THE 3RD
Amity Gardens Westerners batting - Pitching for Washington DC Hot Sauce : RHP Michael Hastings
Batting: RHB Jorge García 0-0: Ball
1-0: Called Strike
1-1: Swinging Strike
1-2: Strikes out swinging
Batting: RHB Júlio Castillo 0-0: Called Strike
0-1: Fly out, F7 (Flyball, 7D)
Batting: RHB Manny Olhoa 0-0: Ball
1-0: Ball
2-0: Called Strike
2-1: Foul Ball, location: 2F
2-2: Ball
3-2: Foul Ball, location: 2F
3-2: Strikes out swinging
Top of the 3rd over - 0 runs, 0 hits, 0 errors, 0 left on base; Amity Gardens 0 - Washington DC 0
BOTTOM OF THE 3RD
Washington DC Hot Sauce batting - Pitching for Amity Gardens Westerners : RHP Ignacio León
Batting: RHB Vicente Robles 0-0: Ball
1-0: Called Strike
1-1: Foul Ball, location: 2F
1-2: Foul Ball, location: 2F
1-2: Ground out 6-3 (Groundball, 6)
Batting: RHB Bill Tremblay 0-0: Ball
1-0: Called Strike
1-1: Ground out 6-3 (Groundball, 6)
Batting: LHB Eric Chávez 0-0: Called Strike
0-1: Foul Ball, location: 2F
0-2: Foul Ball, location: 2F
0-2: Ball
1-2: Foul Ball, location: 2F
1-2: Ground out 3-1 (Groundball, 34)
Bottom of the 3rd over - 0 runs, 0 hits, 0 errors, 0 left on base; Amity Gardens 0 - Washington DC 0
TOP OF THE 4TH
Amity Gardens Westerners batting - Pitching for Washington DC Hot Sauce : RHP Michael Hastings
Batting: RHB Millard Cummings 0-0: Called Strike
0-1: Foul Ball, location: 2F
0-2: Ground out 6-3 (Groundball, 6)
Batting: LHB Jack Mitchell 0-0: Foul Ball, location: 2F
0-1: Called Strike
0-2: Ball
1-2: Foul Ball, location: 2F
1-2: SINGLE (Groundball, 56D)
Batting: LHB Alberto Paz 0-0: Ball
1-0: Swinging Strike
1-1: Fly out, F7 (Flyball, 7LS)
Batting: SHB Howard Romero 0-0: Ball
1-0: Fly out, F8 (Line Drive, 8RM)
Top of the 4th over - 0 runs, 1 hit, 0 errors, 1 left on base; Amity Gardens 0 - Washington DC 0
BOTTOM OF THE 4TH
Washington DC Hot Sauce batting - Pitching for Amity Gardens Westerners : RHP Ignacio León
Batting: LHB Lazzaro Licci 0-0: Called Strike
0-1: Ball
1-1: Swinging Strike
1-2: Foul Ball, location: 2F
1-2: Foul Ball, location: 2F
1-2: Foul Ball, location: 2F
1-2: Strikes out swinging
Batting: RHB Martín Rodríguez 0-0: Ball
1-0: Swinging Strike
1-1: Ball
2-1: Called Strike
2-2: Foul Ball, location: 2F
2-2: Ball
3-2: Strikes out swinging
Batting: RHB Reggie Gordon 0-0: Ball
1-0: Ball
2-0: Ball
3-0: Called Strike
3-1: SINGLE (Groundball, 6MD)
Batting: RHB Alonso Rangel 0-0: Ground out 4-3 (Groundball, 34)
Bottom of the 4th over - 0 runs, 1 hit, 0 errors, 1 left on base; Amity Gardens 0 - Washington DC 0
TOP OF THE 5TH
Amity Gardens Westerners batting - Pitching for Washington DC Hot Sauce : RHP Michael Hastings
Batting: RHB Alfredo Medina 0-0: Ball
1-0: Foul Ball, location: 2F
1-1: Ball
2-1: Ball
3-1: Base on Balls
Batting: LHB Matt Turner 0-0: Called Strike
0-1: Foul Ball, location: 2F
0-2: Ball
1-2: Strikes out swinging
Batting: RHB Jorge García 0-0: Foul Ball, location: 2F
0-1: Ball
1-1: Foul Ball, location: 2F
1-2: Foul Ball, location: 2F
1-2: Strikes out swinging
Batting: RHB Júlio Castillo 0-0: Called Strike
0-1: Called Strike
0-2: Strikes out swinging
Top of the 5th over - 0 runs, 0 hits, 0 errors, 1 left on base; Amity Gardens 0 - Washington DC 0
BOTTOM OF THE 5TH
Washington DC Hot Sauce batting - Pitching for Amity Gardens Westerners : RHP Ignacio León
Batting: RHB Michael Carr 0-0: Foul Ball, location: 2F
0-1: Ball
1-1: Foul Ball, location: 2F
1-2: Foul Ball, location: 2F
1-2: Strikes out swinging
Batting: RHB Chris Harper 0-0: Ground out 5-3 (Groundball, 56)
Batting: RHB Vicente Robles 0-0: Called Strike
0-1: Foul Ball, location: 2F
0-2: Foul Ball, location: 2F
0-2: Ball
1-2: Ball
2-2: Strikes out swinging
Bottom of the 5th over - 0 runs, 0 hits, 0 errors, 0 left on base; Amity Gardens 0 - Washington DC 0
TOP OF THE 6TH
Amity Gardens Westerners batting - Pitching for Washington DC Hot Sauce : RHP Michael Hastings
Batting: RHB Manny Olhoa 0-0: Called Strike
0-1: Ball
1-1: Foul Ball, location: 2F
1-2: Ball
2-2: Ball
3-2: Foul Ball, location: 2F
3-2: Foul Ball, location: 2F
3-2: Strikes out swinging
Batting: RHB Millard Cummings 0-0: Called Strike
0-1: Called Strike
0-2: Strikes out swinging
Batting: LHB Jack Mitchell 0-0: SOLO HOME RUN (Flyball, 9LD), Distance : 348 ft
Batting: LHB Alberto Paz 0-0: Ball
1-0: Fly out, F3 (Line Drive, 3)
Top of the 6th over - 1 run, 1 hit, 0 errors, 0 left on base; Amity Gardens 1 - Washington DC 0
BOTTOM OF THE 6TH
Washington DC Hot Sauce batting - Pitching for Amity Gardens Westerners : RHP Ignacio León
Batting: RHB Bill Tremblay 0-0: Called Strike
0-1: Ball
1-1: Swinging Strike
1-2: Strikes out looking
Batting: LHB Eric Chávez 0-0: Ground out 6-3 (Groundball, 6)
Batting: LHB Lazzaro Licci 0-0: Ball
1-0: Foul Ball, location: 2F
1-1: Fly out, F8 (Flyball, 8LD)
Bottom of the 6th over - 0 runs, 0 hits, 0 errors, 0 left on base; Amity Gardens 1 - Washington DC 0
TOP OF THE 7TH
Amity Gardens Westerners batting - Pitching for Washington DC Hot Sauce : RHP Michael Hastings
Pitching: LHP Zi-jing Yong
Batting: SHB Howard Romero 0-0: Ball
1-0: Ball
2-0: Ball
3-0: Base on Balls
Batting: RHB Alfredo Medina 0-0: Foul Ball, location: 2F
0-1: Foul Ball, location: 2F
0-2: Ball
1-2: Foul Ball, location: 2F
1-2: Strikes out looking
Pinch Hitting: RHB Ánibal Vega 0-0: Called Strike
Howard Romero steals 2nd base
0-1: Foul Ball, location: 2F
0-2: Strikes out swinging
Pinch Hitting: RHB Pete Rudder 0-0: Ball
1-0: Ball
2-0: Swinging Strike
2-1: Called Strike
2-2: Strikes out swinging
Top of the 7th over - 0 runs, 0 hits, 0 errors, 1 left on base; Amity Gardens 1 - Washington DC 0
BOTTOM OF THE 7TH
Washington DC Hot Sauce batting - Pitching for Amity Gardens Westerners : RHP Ignacio León
Now at 3B: Jim den Braber
Now at SS: Ánibal Vega
Now in LF: Bill Starr
Batting: RHB Martín Rodríguez 0-0: Ball
1-0: Foul Ball, location: 2F
1-1: Foul Ball, location: 2F
1-2: Ball
2-2: Foul Ball, location: 2F
2-2: Foul Ball, location: 2F
2-2: Ground out 6-3 (Groundball, 6)
Batting: RHB Reggie Gordon 0-0: Called Strike
0-1: Called Strike
0-2: Ball
1-2: Fly out, F7 (Flyball, 7LMF)
Batting: RHB Alonso Rangel 0-0: Foul Ball, location: 2F
0-1: Ball
1-1: Ground out 5-3 (Groundball, 5S)
Bottom of the 7th over - 0 runs, 0 hits, 0 errors, 0 left on base; Amity Gardens 1 - Washington DC 0
TOP OF THE 8TH
Amity Gardens Westerners batting - Pitching for Washington DC Hot Sauce : LHP Zi-jing Yong
Batting: RHB Júlio Castillo 0-0: Swinging Strike
0-1: Foul Ball, location: 2F
0-2: Ball
1-2: Ball
2-2: Strikes out swinging
Batting: RHB Manny Olhoa 0-0: Ground out 6-3 (Groundball, 6)
Batting: RHB Millard Cummings 0-0: Called Strike
0-1: Ball
1-1: Ground out 2-3 (Groundball, 2L)
Top of the 8th over - 0 runs, 0 hits, 0 errors, 0 left on base; Amity Gardens 1 - Washington DC 0
BOTTOM OF THE 8TH
Washington DC Hot Sauce batting - Pitching for Amity Gardens Westerners : RHP Ignacio León
Batting: RHB Michael Carr 0-0: Swinging Strike
0-1: Called Strike
0-2: Strikes out swinging
Batting: RHB Chris Harper 0-0: SINGLE (Line Drive, 78M)
Batting: RHB Vicente Robles 0-0: Called Strike
0-1: Called Strike
0-2: Ball
1-2: Ball
2-2: Ground out 6-3 (Groundball, 6S)
Chris Harper to second
Pinch Hitting: LHB Allen Lee 0-0: Ground out 4-3 (Groundball, 4)
Bottom of the 8th over - 0 runs, 1 hit, 0 errors, 1 left on base; Amity Gardens 1 - Washington DC 0
TOP OF THE 9TH
Amity Gardens Westerners batting - Pitching for Washington DC Hot Sauce : LHP Zi-jing Yong
Pitching: RHP Bryce Borrell
Now at 3B: Rodney Walker
Batting: LHB Jack Mitchell 0-0: Foul Ball, location: 2F
0-1: Foul Ball, location: 2F
0-2: Ball
1-2: Ball
2-2: Ground out 4-3 (Groundball, 4M)
Batting: LHB Alberto Paz 0-0: Called Strike
0-1: Hit by Pitch
Batting: SHB Jim den Braber 0-0: Called Strike
0-1: Foul Ball, location: 2F
0-2: Ball
Wild Pitch!
Alberto Paz to second
1-2: Strikes out swinging
Batting: RHB Alfredo Medina 0-0: Called Strike
0-1: Ball
1-1: Swinging Strike
1-2: Ball
2-2: Strikes out looking
Top of the 9th over - 0 runs, 0 hits, 0 errors, 1 left on base; Amity Gardens 1 - Washington DC 0
BOTTOM OF THE 9TH
Washington DC Hot Sauce batting - Pitching for Amity Gardens Westerners : RHP Ignacio León
Pitching: RHP Juan Pérez
Batting: LHB Eric Chávez 0-0: SINGLE (Groundball, 4) (infield hit)
Batting: LHB Lazzaro Licci 0-0: Called Strike
0-1: Foul Ball, location: 2F
0-2: SINGLE (Flyball, 78S)
Eric Chávez to second
Batting: RHB Martín Rodríguez 0-0: Ball
1-0: Fly out, F1 (Popup, P)
Pinch Hitting: LHB Alonso Herrera 0-0: Ball
1-0: Ball
2-0: Ball
3-0: Base on Balls
Eric Chávez to third
Lazzaro Licci to second
Batting: RHB Alonso Rangel 0-0: Called Strike
0-1: Ball
1-1: Ball
2-1: Hit by Pitch
Eric Chávez scores
Lazzaro Licci to third
Alonso Herrera to second
Pinch Hitting: LHB Alexander Randolph 0-0: Grounds into fielders choice 3-2 (Groundball, 3)
Alonso Herrera to third
Alonso Rangel to second
Pinch Hitting: RHB Bill Bailey 0-0: Ball
1-0: Called Strike
1-1: Ball
2-1: Called Strike
2-2: Strikes out swinging
Bottom of the 9th over - 1 run, 2 hits, 0 errors, 3 left on base; Amity Gardens 1 - Washington DC 1
TOP OF THE 10TH
Amity Gardens Westerners batting - Pitching for Washington DC Hot Sauce : RHP Bryce Borrell
Now at C: Bill Bailey
Now at 2B: Jim Hutchinson
Now in LF: Alonso Herrera
Batting: RHB Ánibal Vega 0-0: Ball
1-0: Ball
2-0: Ground out U3 (Groundball, 34)
Batting: RHB Bill Starr 0-0: DOUBLE (Line Drive, 8LD)
Batting: RHB Júlio Castillo 0-0: Intentional Walk
Pinch Hitting: LHB Pedro Cisneros 0-0: Ball
1-0: Ball
2-0: Foul Ball, location: 2F
2-1: Swinging Strike
2-2: Ball
3-2: Foul Ball, location: 2F
3-2: Foul Ball, location: 2F
3-2: Foul Ball, location: 2F
3-2: Foul Ball, location: 2F
3-2: 3-RUN HOME RUN (Flyball, 89XD), Distance : 416 ft
Pitching: LHP Gilbert Burris
Batting: RHB Millard Cummings 0-0: Foul Ball, location: 2F
0-1: Foul Ball, location: 2F
0-2: Strikes out swinging
Batting: LHB Jack Mitchell 0-0: Ball
1-0: Fly out, F7 (Flyball, 78S)
Top of the 10th over - 3 runs, 2 hits, 0 errors, 0 left on base; Amity Gardens 4 - Washington DC 1
BOTTOM OF THE 10TH
Washington DC Hot Sauce batting - Pitching for Amity Gardens Westerners : RHP Juan Pérez
Pitching: LHP Ramón Orozco
Now in RF: José Galindo
Batting: RHB Vicente Robles 0-0: Swinging Strike
0-1: Called Strike
0-2: Ball
1-2: Strikes out swinging
Batting: RHB Rodney Walker 0-0: Foul Ball, location: 2F
0-1: Ball
1-1: Fly out, F9 (Flyball, 9S)
Batting: LHB Eric Chávez 0-0: Ball
1-0: Ball
2-0: Called Strike
2-1: Fly out, F7 (Flyball, 7D)
Bottom of the 10th over - 0 runs, 0 hits, 0 errors, 0 left on base; Amity Gardens 4 - Washington DC 1
Saturday, April 7th, 2018 - OOTP Baseball 18.8 Build 76